Winsometimes, chaotic female sylph Priestess ---------------- |............... |<...........[.| |..*....%......| --------------.- ## # ### # #### --.-------%- ..>........| |..........| |..a.......| |...@......| ------------ Winsometimes the Adept Experience level: 7 Strength: 12 Dexterity: 8 Constitution: 14 Intelligence: 18 Wisdom: 11 Charisma: 13 Health: 0(55) Energy: 41(86) Def: 14 Gold: 675 Moves: 3161 Dungeon seed: aV1uosv7-sl1JVsX Game ID: Winsometimes_1523744380 Your Inventory: Coins $ - 675 gold pieces Weapons v - an uncursed +0 morning star (weapon in hand) Armor e - a blessed +3 robe (being worn) n - an uncursed +0 small shield (being worn) z - a blessed +1 dwarvish iron helm (being worn) N - an uncursed +0 pair of iron shoes (being worn) Comestibles c - an uncursed clove of garlic d - an uncursed sprig of wolfsbane Scrolls a - a cursed scroll of magic mapping j - an uncursed scroll of enchant weapon q - 2 uncursed scrolls of scare monster s - 2 uncursed scrolls of light y - an uncursed scroll of fire T - an uncursed scroll of create monster V - an uncursed scroll of remove curse Spellbooks g - an uncursed spellbook of healing h - an uncursed spellbook of identify i - an uncursed spellbook of protection Potions b - 3 potions of holy water t - a blessed potion of blindness P - an uncursed potion of booze U - an uncursed potion of object detection X - an uncursed potion of sickness Wands f - an uncursed wand of cancellation (0:1) u - an uncursed wand of enlightenment (0:11) A - an uncursed wand of striking (0:5) I - an uncursed wand of teleportation (0:0) W - an uncursed wand of cold (0:5) Tools m - an uncursed magic whistle r - an uncursed blindfold Q - an uncursed oil lamp (lit) (0:1193) S - an uncursed lock pick Spells and supernatural/magical abilities: Name Level Category Fail Memory h - healing 1 healing 0% 85% p - protection 1 clerical 0% 85% I - identify 3 divination 77% 85% W - pray for help -- divine ? -- X - turn undead -- divine ? -- Your skills at the end: Miscellaneous Skills shield [Skilled] wands [Basic] stealth [Expert] Weapon Skills mace [Basic] morning star [Basic] Spellcasting Skills clerical spells [Basic] Final Attributes: You were devoutly aligned. You saw invisible. You were telepathic. You had infravision. You were displaced. You were very stealthy. You were protected. You were protected from shape changers. You are dead. Vanquished creatures: a large dog a wolf a dwarf mummy 3 soldier ants 2 ponies a fog cloud a gnome lord a gnomish wizard a gray ooze 2 puppies 2 floating eyes 4 dwarves a kobold lord 4 iguanas a rothe 2 jitterbugs 2 giant bats 6 killer bees a coyote 2 hobbits a large kobold 4 cave spiders a brown mold 2 yellow molds 8 gnomes 5 jackals a fox 2 kobolds 4 newts a sewer rat 5 grid bugs 2 lichens 75 creatures vanquished. Voluntary challenges: You did not adorn yourself with jewelry or accessories. You did not cause conflict. You were not invisible. You did not have reflection. You were an atheist. You used a wielded weapon 148 times, starting on turn 63. You did not apply a unicorn horn. You did not use plumbed fixtures. You read items or engraved 3 times, starting on turn 1587. You never genocided any monsters. You never polymorphed an object. You never changed form. You used no wishes. You never split a pudding. You never wrote Elbereth's name. You violated your moral code, losing 4 points of alignment, starting on turn 944. Dungeon overview: The Dungeons of Doom: levels 1 to 8 Level 1 a fountain a long staircase Level 2 Level 3 a general store stairs to The Gnomish Mines Level 4 a sink Level 5 a fountain Level 6 some fountains Level 7 many fountains Level 8 <- You were here The Gnomish Mines: Level 4 stairs to The Dungeons of Doom History has recorded: On T:1 you entered the Dungeons of Doom to retrieve the Amulet of Yendor! On T:419 you reached level 2 of The Dungeons of Doom. On T:575 you reached level 3 of The Dungeons of Doom. On T:696 you advanced to experience level 2. On T:822 you reached level 1 of The Gnomish Mines. On T:864 you advanced to experience level 3. On T:973 you advanced to experience level 4. On T:1173 you advanced to experience level 5. On T:1621 you reached level 4 of The Dungeons of Doom. On T:2056 you reached level 5 of The Dungeons of Doom. On T:2191 you advanced to experience level 6. On T:2424 you reached level 6 of The Dungeons of Doom. On T:2766 you reached level 7 of The Dungeons of Doom. On T:2866 you reached level 8 of The Dungeons of Doom. On T:2885 you advanced to experience level 7. Score breakdown: Gold: 675 ( 67 points) Experience: 7 levels ( 600 points) Exploration: 8 levels ( 210 points) Discoveries: 13 items ( 650 points) Variety of kills: 32 monsters ( 1600 points) Major goal: (nothing yet) ( 0 points) Survival: died (score multiplied by 3) Total score: 9381 Latest messages: The soldier ant misses. (2x) You kill the soldier ant! You try to draw healing from your surroundings, but your edges cannot even feel the ground. There is a doorway here. There are a few objects here. The golden haze around you becomes less dense. You try to draw healing from your surroundings, but your edges cannot even feel the floor. j - an uncursed scroll labeled LOREM IPSUM SIT AMET. You feel better. The soldier ant misses. The soldier ant stings! You hit the soldier ant! The soldier ant misses. The soldier ant stings! You hit the soldier ant! The soldier ant bites! The soldier ant stings! The soldier ant misses. The soldier ant stings! You die... Final status: Goodbye Winsometimes the Priestess, killed by a soldier ant... You died in The Dungeons of Doom on dungeon level 8 with 9381 points, and 675 pieces of gold, after 3161 moves. You were level 7 with a maximum of 55 hit points when you died.